 Dungeon Sprint DCSS version 0.31.0-9-g3a7656b989 (webtiles) character file.

Game seed: 13969445453730515218

6 Heoruswealwe the Covered (level 1, -3/20 HPs)
             Began as a Minotaur Fighter on Feb 2, 2024.
             Slain by an ogre
             ... wielding a +0 giant club
              (23 damage)
             ... in the Dungeon (Sprint IX: "|||||||||||||||||||||||||||||").
             The game lasted 00:00:10 (41 turns).

Heoruswealwe the Covered (Minotaur Fighter)           Turns: 41, Time: 00:00:10

Health: -3/20      AC:  7    Str: 20    XL:     1   Next: 75%
Magic:  0/0        EV:  9    Int:  5    God:
Gold:   0          SH:  4    Dex:  9    Spells: 0/0 levels left

rFire   . . .        a - +0 trident
rCold   . . .        d - +0 buckler
rNeg    . . .        c - +0 scale mail
rPois   .            (helmet restricted)
rElec   .            (no cloak)
rCorr   .            (no gloves)
SInv    .            (no boots)
Will    .....        (no amulet) Stlth
                     (no ring)
HPRegen 0.23/turn    (no ring)
MPRegen 0.07/turn

%: no teleportation
@: no status effects
A: horns 2, retaliatory headbutt
a: no special abilities


You were in the Dungeon.
You visited 1 branch

Inventory:

Hand Weapons
 a - a +0 trident (weapon)
Armour
 c - a +0 scale mail (worn)
 d - a +0 buckler (worn)
Scrolls
 j - a scroll of blinking
Potions
 b - a potion of might
 e - a potion of curing
 f - a potion of heal wounds
 g - a potion of haste
 h - 2 potions of magic
 i - a potion of berserk rage


   Skills:
 + Level 4.2 Fighting
 * Level 3.9 Polearms
 + Level 4.2 Armour
 - Level 3.6 Shields


You couldn't memorise any spells.
You didn't know any spells.
Your spell library was empty.

Dungeon Overview and Level Annotations

Branches:
Dungeon (1/1)

Altars:


Innate Abilities, Weirdness & Mutations

You have a pair of horns on your head.
You reflexively headbutt those who attack you in melee.


Message History

You hit the hobgoblin.
The hobgoblin is almost dead.
The hobgoblin misses you.
You hit the hobgoblin.
You kill the hobgoblin!
The ball python barely misses you. x2
Your Polearms skill increases to level 3!
You puncture the ball python!
You kill the ball python!
Your Fighting skill increases to level 4!
Your Armour skill increases to level 4!
You barely miss the rat. You headbutt the rat.
You kill the rat!
You closely miss the quokka.
You headbutt the quokka, but do no damage.
The quokka bites you.
You hit the quokka.
You kill the quokka!
The goblin barely misses you. You furiously retaliate!
You headbutt the goblin. You closely miss the goblin.
The goblin is moderately wounded.
The goblin hits you but does no damage.
You puncture the goblin!
You kill the goblin!
There is an open door to the Dungeon here.
Things that are here:
a +0 club; a ball python corpse; a hobgoblin corpse You start resting.
HP restored.
You open the door.
A ribbon worm, a gnoll, a centaur, an iguana and an ogre come into view.
The gnoll shouts!
The iguana hisses angrily.
The ogre shouts!
You barely miss the ogre. You headbutt the ogre.
The ogre is moderately wounded.
The ogre barely misses you. You furiously retaliate!
You headbutt the ogre. You barely miss the ogre.
The ogre is moderately wounded.
The ogre hits you with a +0 giant club!!
Ouch! That really hurt!
You die...

▓+▓
▓.▓
▓w▓
▓g▓
▓c▓
▓l▓
▓O▓
▓@▓
▓.▓
▓.▓
▓.▓
▓.▓
▓)▓
▓.▓
▓.▓
▓.▓


You could see an ogre, a centaur, a ribbon worm, an iguana and a gnoll.

Vanquished Creatures
  A ball python (D)
  A goblin (D)
  A hobgoblin (D)
  A quokka (D)
  A rat (D)
5 creatures vanquished.

Notes
Turn   | Place    | Note
-------+----------+-------------------------------------------
     0 | D        | Heoruswealwe the Minotaur Fighter began the quest for the
                  | Orb.
     0 | D        | Reached XP level 1. HP: 19/19 MP: 0/0
    39 | D        | Noticed a centaur
    39 | D        | Noticed an iguana
    39 | D        | Noticed an ogre
    41 | D        | Slain by an ogre

Illustrated notes

Levels and vault maps discovered:
D:        linesprint [early_d, line_temple, items_1, d_10, items_2, lair_1,
          lair_end, items_3, orc_1, orc_end, items_4, d_15, swamp_1, shoals_1,
          snake_1, spider_1, d_20, vaults_1, items_5, swamp_end, shoals_end,
          snake_end, spider_end, vaults_end, d_27, items_6, zot_1, zot_end,
          crypt_end, forest_end, elf_end, slime_end, tomb_end, abyss_end,
          pan_hell_end]

Skill      XL: |  1 |
---------------+----+-----
Polearms       | 3 |  3.9
Fighting       | 4 |  4.2
Armour         | 4 |  4.2
Shields        | |  3.6

Action                     || total
---------------------------++-------
  Melee: Trident           ||    11
         Headbutt          ||     3
 Armour: Scale mail        ||     4
  Dodge: Dodged            ||     5
